 Dungeon Crawl Stone Soup version 0.20.0-15-g7f486f2 (webtiles) character file.

525 grindst0ne the Archer (level 7, -1/61 HPs)
             Began as a Centaur Hunter on June 11, 2017.
             Was a Follower of Trog.
             Slain by an ice beast (11 damage)
             ... on level 4 of the Dungeon.
             The game lasted 00:12:35 (4620 turns).

grindst0ne the Archer (Centaur Hunter)              Turns: 4620, Time: 00:12:36

Health: -1/61      AC: 10    Str: 14    XL:     7   Next: 2%
Magic:  7/7        EV:  7    Int: 10    God:    Trog [*.....]
Gold:   148        SH:  0    Dex: 12    Spells: 6/6 levels left

rFire    . . .     SeeInvis .   C - +1 falchion (venom)
rCold    . . .     Gourm    .   (no shield)
rNeg     . . .     Faith    .   y - +3 scale mail
rPois    .         Spirit   .   (no helmet)
rElec    .         Reflect  .   (no cloak)
rCorr    .         Harm     .   B - +0 pair of gloves
MR       .....                  (no barding)
Stlth    ..........             (no amulet)
Regen    0.2/turn               (no ring)
MPRegen  0.1/turn               (no ring)

@: very quick
A: hooves 3, deformed body, speed 2, tough skin 3
a: Berserk, Burn Spellbooks, Renounce Religion


You were on level 4 of the Dungeon.
You worshipped Trog.
Trog was aware of your devotion.
You were not hungry.

You visited 1 branch of the dungeon, and saw 4 of its levels.
You also visited: Sewer.

You collected 148 gold pieces.

Inventory:

Hand Weapons
 a - a +1 shortbow
 b - a +0 dagger of venom
 r - a +0 short sword
 C - a +1 falchion of venom (weapon)
Missiles
 d - 69 arrows
Armour
 c - a +0 leather armour
 y - a +3 scale mail (worn)
 B - a +0 pair of gloves (worn)
Scrolls
 h - a scroll of blinking {unknown}
 i - 2 scrolls of amnesia {unknown}
 k - a scroll of remove curse
 n - a scroll of magic mapping
 o - a scroll of fog
 p - a scroll of immolation {unknown}
 q - 2 scrolls of teleportation {unknown}
 v - a scroll of enchant weapon {unknown}
Potions
 e - a potion of haste {unknown}
 g - 3 potions of heal wounds {unknown}
 l - 3 potions of magic {unknown}
 m - a potion of lignification {unknown}
 t - a potion of degeneration {unknown}
 u - 2 potions of flight {unknown}
 w - 3 potions of curing {unknown}
 x - a potion of cancellation {unknown}
 z - a potion of agility {unknown}
 A - a potion of brilliance {unknown}
Comestibles
 f - 4 bread rations
 j - 3 royal jellies
 s - 2 fruits


   Skills:
 + Level 5.5 Fighting
 + Level 8.7 Bows
 - Level 1.3 Dodging
 - Level 0.4 Stealth


You had 6 spell levels left.
You didn't know any spells.

Dungeon Overview and Level Annotations

Branches:
Dungeon (4/15)
 Temple: D:4-7

Altars:
Elyvilon
Kikubaaqudgha
Makhleb
Nemelex Xobeh
Sif Muna
Trog
Yredelemnul
The Shining One


Innate Abilities, Weirdness & Mutations

You have hooves in place of feet.
Armour fits poorly on your strangely shaped body.
You cover ground very quickly.
You have extremely tough skin. (AC +3)


Message History

The ice beast is heavily wounded.
The jackal barely misses you.
You riposte.
You hit the jackal. You kick the jackal, but do no damage.
The jackal is almost dead.
The ice beast hits you but does no damage.
The jackal bites you but does no damage.
You barely miss the ice beast.
The ice beast is heavily wounded.
The howler monkey hoots and howls with incredible vigour!
The jackal bites you but does no damage.
The ice beast hits you. The ice beast freezes you!
* * * LOW HITPOINT WARNING * * *
The jackal bites you but does no damage.
You hear an angry hiss.
You slash the ice beast!
The ice beast is almost dead.
The ice beast hits you.
* * * LOW HITPOINT WARNING * * *
The ice beast freezes you!
You die...

## (. .#.##(#####
###.(.........##########
#
...[.#.##....rhh@Y......
# ####. #####.##########
# #.............########
#
#.##.########........###
#.##.# #..........)..
#.##.# #.#####.##.##.
#.##.# #.# ##...#.#..
#.##.# #.# #......#..
.#. #.##.# #.#
##...###.#


You could see an ice beast, a howler monkey, a quokka and a jackal.

Vanquished Creatures
  The ghost of kuniqs the Stinger, an amateur VSVM (D:3)
  A big kobold (Sewer)
  A scorpion (D:3)
  A hound (D:4)
  Natasha (thrice) (D:2)
  An orc wizard (D:4)
  4 adders
  A river rat (Sewer)
  An ooze (D:1)
  3 worms
  2 dart slugs
  9 leopard geckos
  6 orcs (D:4)
  A ball python (D:2)
  6 bats
  3 giant cockroaches
  7 goblins
  9 hobgoblins
  12 jackals
  12 kobolds
  A quokka (D:3)
  4 frilled lizards
  13 rats
102 creatures vanquished.

Notes
Turn   | Place    | Note
-------+----------+-------------------------------------------
     0 | D:1      | grindst0ne the Centaur Hunter began the quest for the Orb.
     0 | D:1      | Reached XP level 1. HP: 17/17 MP: 1/1
   135 | D:1      | Reached XP level 2. HP: 25/25 MP: 2/2
   254 | D:1      | Reached skill level 6 in Bows
   577 | D:1      | Reached XP level 3. HP: 29/30 MP: 3/3
  1329 | D:2      | Noticed Natasha
  1336 | D:2      | Killed Natasha
  1336 | D:2      | Reached XP level 4. HP: 34/38 MP: 4/4
  1492 | D:2      | Noticed Natasha
  1501 | D:2      | Killed Natasha
  1685 | D:2      | Noticed Natasha
  1695 | D:2      | Killed Natasha
  1695 | D:2      | Reached skill level 7 in Bows
  1695 | D:2      | Reached XP level 5. HP: 22/46 MP: 5/5
  1965 | D:2      | Found an ancient bone altar of Kikubaaqudgha.
  2172 | D:3      | Found a bloodstained altar of Trog.
  2211 | D:3      | Became a worshipper of Trog the Wrathful
  2361 | D:3      | Noticed kuniqs's ghost (amateur VSVM)
  2372 | D:3      | HP: 1/46 [kuniqs's ghost (13)]
  2473 | D:3      | Killed kuniqs's ghost
  2473 | D:3      | Reached XP level 6. HP: 7/53 MP: 6/6
  2534 | D:3      | Reached skill level 8 in Bows
  2618 | D:3      | Found a deep blue altar of Sif Muna.
  2632 | D:3      | Found a white marble altar of Elyvilon.
  2633 | D:3      | Found a burning altar of Makhleb.
  2633 | D:3      | Found a basalt altar of Yredelemnul.
  2639 | D:3      | Found a glowing golden altar of the Shining One.
  2875 | D:3      | Found a glowing drain.
  2915 | Sewer    | Entered a sewer
  3152 | Sewer    | Reached skill level 5 in Fighting
  3317 | Sewer    | Found a white marble altar of Elyvilon.
  3761 | D:3      | Found a sparkling altar of Nemelex Xobeh.
  4363 | D:4      | Reached XP level 7. HP: 52/61 MP: 7/7
  4383 | D:4      | Reached * piety under Trog
  4620 | D:4      | Slain by an ice beast

Skill      XL: |  1  2  3  4  5  6 |
---------------+-------------------+-----
Bows           | 6 7 8 |  8.7
Fighting       | 3 4 5 |  5.5
Dodging        | |  1.3
Stealth        | |  0.4

Action                   |  1- 3 |  4- 6 |  7- 9 || total
-------------------------+-------+-------+-------++-------
Melee: Short sword       |    32 |       |       ||    32
       Kick              |     8 |    23 |     6 ||    37
       Shortbow          |     2 |       |       ||     2
       Dagger            |       |   116 |     9 ||   125
       Falchion          |       |       |    14 ||    14
 Fire: Shortbow          |    94 |   110 |     5 ||   209
  Use: Scroll            |       |     3 |       ||     3
  Eat: Chunk             |       |     8 |     1 ||     9
Armor: Leather armour    |    28 |    50 |     1 ||    79
       Scale mail        |       |       |    21 ||    21
Dodge: Dodged            |    36 |    61 |    18 ||   115
       Rpst.: Falchion   |       |       |     3 ||     3
